 Dungeon Crawl Stone Soup version 0.29-a0-1023-g6ae1a4a2c7 (webtiles) character file.

Game seed: 12905017866964565423

2704 sanka the Destroyer (level 9, -7/66 HPs)
             Began as a Gnoll Conjurer on Aug 11, 2022.
             Was an Initiate of Ashenzari.
             Mangled by a yak (12 damage)
             ... on level 8 of the Dungeon.
             The game lasted 00:11:53 (8567 turns).

sanka the Destroyer (Gnoll Conjurer)                Turns: 8567, Time: 00:11:55

Health: -7/66      AC:  4    Str:  6    XL:     9   Next: 65%
Magic:  0/19       EV: 14    Int: 28    God:    Ashenzari [......]
Gold:   314        SH:  0    Dex: 11    Spells: 14/21 levels left

rFire   . . .      SeeInvis .   q - +5 scythe (freeze)
rCold   . . .      Faith    .   (shield currently unavailable)
rNeg    . . .      Spirit   .   a - +0 robe
rPois   .          Reflect  .   m - +0 helmet
rElec   .          Harm     .   (no cloak)
rCorr   .          Rampage  .   i - +0 pair of gloves
Will    .....                   (no boots)
Stlth   +++.......              (no amulet)
HPRegen 0.21/turn               B - +6 ring of intelligence
MPRegen 0.16/turn               v - ring of flight

@: flying
A: fangs 1, strong nose, distributed training
a: Renounce Religion


You were on level 8 of the Dungeon.
You worshipped Ashenzari.
Ashenzari was noncommittal.
You visited 2 branches of the dungeon, and saw 9 of its levels.

You collected 314 gold pieces.


Innate Abilities, Weirdness & Mutations

You have very sharp teeth.
Your uncanny sense of smell can sniff out nearby items.
Your experience applies equally to all skills.


   Skills:
 + Level 4.6 Fighting
 + Level 4.6 Short Blades
 + Level 4.6 Long Blades
 + Level 4.6 Axes
 + Level 4.6 Maces & Flails
 + Level 4.6 Polearms
 + Level 4.6 Staves
 + Level 4.6 Ranged Weapons
 + Level 4.6 Throwing
 + Level 4.6 Armour
 + Level 6.6 Dodging
 + Level 6.3 Stealth
 + Level 4.6 Shields
 + Level 4.6 Unarmed Combat
 + Level 6.9 Spellcasting
 + Level 8.1 Conjurations
 + Level 3.8 Hexes
 + Level 3.8 Summonings
 + Level 3.8 Necromancy
 + Level 3.8 Translocations
 + Level 3.8 Transmutations
 + Level 3.8 Fire Magic
 + Level 3.8 Ice Magic
 + Level 3.8 Air Magic
 + Level 3.8 Earth Magic
 + Level 3.8 Poison Magic
 + Level 5.1 Invocations
 + Level 4.6 Evocations


You had 14 spell levels left.
You knew the following spells:

 Your Spells              Type           Power      Damage    Failure   Level
x - Searing Ray           Conj           100%       2d8       1%          2
z - Magic Dart            Conj           100%       1d8       1%          1
Z - Fulminant Prism       Conj/Hex       21%        3d13      4%          4

Your spell library contained the following spells:

 Spells                   Type           Power      Damage    Failure   Level
 Dazzling Flash           Conj/Hex       86%        N/A       1%          3
 Iskenderun's Mystic Bla  Conj/Tloc      43%        2d10      4%          4

Inventory:

Hand Weapons
 l - a +3 short sword
 q - a +5 scythe of freezing (weapon)
 D - the +3 mace of Exchange {drain, Str+3} A truly terrible weapon, it drains the life of any living foe it strikes. Str: It affects your strength (+3).
Armour
 a - a +0 robe (worn)
 i - a +0 pair of gloves (worn)
 m - a +0 helmet (worn)
 u - a +2 pair of gloves
 y - a +0 pair of boots
Magical Staves
 x - a staff of cold
Jewellery
 v - a ring of flight (right hand)
 B - a +6 ring of intelligence (left hand)
Wands
 o - a wand of digging (5)
 C - a wand of flame (17)
Scrolls
 b - a scroll of summoning
 c - 2 scrolls of poison {unknown}
 d - 2 scrolls of enchant armour {unknown}
 e - a scroll of fear {unknown}
 f - 10 scrolls of identify {unknown}
 j - a scroll of silence {unknown}
 n - a scroll of magic mapping {unknown}
 r - 2 scrolls of immolation {!r}
 s - 2 scrolls of teleportation {unknown}
 w - a scroll of noise {unknown}
Potions
 g - a potion of lignification {unknown}
 h - 2 potions of curing {unknown}
 k - a potion of haste {unknown}
 p - 2 potions of might {unknown}
 t - 2 potions of flight {unknown}
 z - a potion of brilliance {unknown}
 A - 2 potions of heal wounds {@q2}
 E - a potion of magic
 F - a potion of degeneration {unknown}

Dungeon Overview and Level Annotations

Branches:
Dungeon (8/15)             Temple (1/1) D:7
   Lair: D:8-11

Altars:
Ashenzari
Cheibriados
Dithmenos
Elyvilon
Fedhas
Gozag
Hepliaklqana
Kikubaaqudgha
Makhleb
Nemelex Xobeh
Okawaru
Qazlal
Ru
Sif Muna
Trog
Uskayaw
Vehumet
Wu Jian
Xom
The Shining One

Shops:
D:1 ::( D:6

? ▒ ▒▒. ▒▒▒▒▒▒▒
....▒▒.....▒
▒.........▒▒
▒▒........▒
▒...YgY...▒
▒...†.Y.*..▒
▒..*........▒
▒.....)......▒
▒...)...)......
▒.....)).......
...............
...............


You could see 3 yaks and 2 friendly fulminant prisms.


Message History

* * * LOW HITPOINT WARNING * * *
The yak closely misses you.
Your fulminant prism crackles loudly.
Unknown command.
Unknown command.
Aiming: Fulminant Prism (dangerous; 4% risk of failure)
You conjure a prism of explosive energy!
A fulminant prism comes into view.
The yak barely misses you. The yak gores you but does no damage.
Your fulminant prism explodes!
The blast of energy engulfs the yak!!
You kill the yak!
The blast of energy engulfs the yak!!
You kill the yak!
The blast of energy engulfs the yak!!
The yak is almost dead.
You hear a shout!
Your Invocations skill increases to level 5!
Unknown command.
Unknown command.
Aiming: Fulminant Prism (dangerous; 4% risk of failure)
You conjure a prism of explosive energy!
A fulminant prism comes into view.
The yak gores you.
* * * LOW HITPOINT WARNING * * *
The yak gores you!
* * * LOW HITPOINT WARNING * * *
The yak gores you!
You die...

Action                   |  1- 3 |  4- 6 |  7- 9 || total
-------------------------+-------+-------+-------++-------
Melee: Short sword       |       |     7 |       ||     7
       Bite              |       |     2 |     2 ||     4
       Halberd           |       |       |    56 ||    56
 Cast: Magic Dart        |    70 |    56 |   106 ||   232
       Searing Ray       |     1 |     4 |    28 ||    33
       Fulminant Prism   |       |       |     8 ||     8
  Use: Potion            |       |     2 |     2 ||     4
Armor: Robe              |     1 |     6 |    37 ||    44
Dodge: Dodged            |     7 |    15 |    70 ||    92

Levels and vault maps discovered:
D:1:      saegor_arrival_simple_a, layout_basic,
          hellmonk_ecumenical_altar_blasted, serial_shops, shop_statue,
          shop_fountains, shop
D:2:      minmay_alternating_diamond, layout_basic, hangedman_decor_growths
D:3:      layout_loops_ring, mainiacjoe_overflow_six_doors_small,
          chequers_serial_rivers_room_b, solitary_fountain, minmay_rat_hole,
          uniq_sigmund, uniq_grinder
D:4:      layout_basic
D:5:      layout_basic
D:6:      layout_loops_ring, cheibrodos_worm_habitat, serial_glass,
          glass_columns_a, glass_columns_a, serial_shops,
          nicolae_shop_statue_plus, minmay_crystal_room
D:7:      layout_layer_cave, chequers_temple_overflow_minitemple,
          minmay_temple_entry_drinking_statues, enter_bailey_5,
          kb_lookout_dungeons_type
D:8:      layout_cave_pods
Temple:   eino_wide_crystal_templ

Notes
Turn   | Place    | Note
-------+----------+-------------------------------------------
     0 | D:1      | sanka the Gnoll Conjurer began the quest for the Orb.
     0 | D:1      | Reached XP level 1. HP: 13/13 MP: 6/6
    26 | D:1      | Found Taexidgh's Book Boutique.
   127 | D:1      | Reached XP level 2. HP: 19/19 MP: 4/7
   175 | D:1      | Found a faded altar of an unknown god.
   246 | D:1      | Learned a level 2 spell: Searing Ray
   282 | D:1      | Found Kaost's Antique Weapon Emporium.
   293 | D:1      | Reached skill level 5 in Spellcasting
   293 | D:1      | Reached XP level 3. HP: 25/25 MP: 2/9
   508 | D:1      | Reached skill level 1 in Invocations
  1129 | D:1      | Found Marghumu's Book Shop.
  1819 | D:2      | Reached skill level 1 in Fighting
  1819 | D:2      | Reached skill level 1 in Short Blades
  1819 | D:2      | Reached skill level 1 in Long Blades
  1819 | D:2      | Reached skill level 1 in Axes
  1819 | D:2      | Reached skill level 1 in Maces & Flails
  1819 | D:2      | Reached skill level 1 in Polearms
  1819 | D:2      | Reached skill level 1 in Staves
  1819 | D:2      | Reached skill level 1 in Ranged Weapons
  1819 | D:2      | Reached skill level 1 in Throwing
  1819 | D:2      | Reached skill level 1 in Armour
  1819 | D:2      | Reached skill level 1 in Shields
  1819 | D:2      | Reached skill level 1 in Unarmed Combat
  1819 | D:2      | Reached skill level 1 in Evocations
  2205 | D:3      | Reached skill level 1 in Hexes
  2205 | D:3      | Reached skill level 1 in Summonings
  2205 | D:3      | Reached skill level 1 in Necromancy
  2205 | D:3      | Reached skill level 1 in Translocations
  2205 | D:3      | Reached skill level 1 in Transmutations
  2205 | D:3      | Reached skill level 1 in Fire Magic
  2205 | D:3      | Reached skill level 1 in Ice Magic
  2205 | D:3      | Reached skill level 1 in Air Magic
  2205 | D:3      | Reached skill level 1 in Earth Magic
  2205 | D:3      | Reached skill level 1 in Poison Magic
  2205 | D:3      | Reached XP level 4. HP: 32/32 MP: 7/11
  2483 | D:3      | Found an ancient bone altar of Kikubaaqudgha.
  2558 | D:3      | Noticed Grinder
  2564 | D:3      | Paralysed by Grinder for 5 turns
  2575 | D:3      | Paralysed by Grinder for 4 turns
  2582 | D:3      | Killed Grinder
  2583 | D:3      | Reached skill level 2 in Fighting
  2583 | D:3      | Reached skill level 2 in Short Blades
  2583 | D:3      | Reached skill level 2 in Long Blades
  2583 | D:3      | Reached skill level 2 in Axes
  2583 | D:3      | Reached skill level 2 in Maces & Flails
  2583 | D:3      | Reached skill level 2 in Polearms
  2583 | D:3      | Reached skill level 2 in Staves
  2583 | D:3      | Reached skill level 2 in Ranged Weapons
  2583 | D:3      | Reached skill level 2 in Throwing
  2583 | D:3      | Reached skill level 2 in Armour
  2583 | D:3      | Reached skill level 5 in Dodging
  2583 | D:3      | Reached skill level 2 in Shields
  2583 | D:3      | Reached skill level 2 in Unarmed Combat
  2583 | D:3      | Reached skill level 2 in Invocations
  2583 | D:3      | Reached skill level 2 in Evocations
  2583 | D:3      | Reached XP level 5. HP: 14/38 MP: 8/12
  2583 | D:3      | Reached XP level 6. HP: 16/44 MP: 9/14
  3221 | D:3      | Noticed Sigmund
  3231 | D:3      | Killed Sigmund
  3232 | D:3      | Reached XP level 7. HP: 36/51 MP: 5/15
  3665 | D:4      | Learned a level 4 spell: Fulminant Prism
  3856 | D:4      | Reached skill level 2 in Hexes
  3856 | D:4      | Reached skill level 2 in Summonings
  3856 | D:4      | Reached skill level 2 in Necromancy
  3856 | D:4      | Reached skill level 2 in Translocations
  3856 | D:4      | Reached skill level 2 in Transmutations
  3856 | D:4      | Reached skill level 2 in Fire Magic
  3856 | D:4      | Reached skill level 2 in Ice Magic
  3856 | D:4      | Reached skill level 2 in Air Magic
  3856 | D:4      | Reached skill level 2 in Earth Magic
  3856 | D:4      | Reached skill level 2 in Poison Magic
  4155 | D:4      | HP: 4/51 [orc/+0 flail (2)]
  4166 | D:4      | HP: 4/51 [something (3)]
  4175 | D:4      | Reached skill level 5 in Stealth
  4662 | D:5      | Entered Level 5 of the Dungeon
  4668 | D:5      | Reached skill level 3 in Invocations
  4870 | D:5      | Reached skill level 3 in Fighting
  4870 | D:5      | Reached skill level 3 in Short Blades
  4870 | D:5      | Reached skill level 3 in Long Blades
  4870 | D:5      | Reached skill level 3 in Axes
  4870 | D:5      | Reached skill level 3 in Maces & Flails
  4870 | D:5      | Reached skill level 3 in Polearms
  4870 | D:5      | Reached skill level 3 in Staves
  4870 | D:5      | Reached skill level 3 in Ranged Weapons
  4870 | D:5      | Reached skill level 3 in Throwing
  4870 | D:5      | Reached skill level 3 in Armour
  4870 | D:5      | Reached skill level 3 in Shields
  4870 | D:5      | Reached skill level 3 in Unarmed Combat
  4870 | D:5      | Reached skill level 3 in Evocations
  4870 | D:5      | Reached XP level 8. HP: 47/58 MP: 2/16
  5049 | D:5      | Reached skill level 6 in Spellcasting
  5459 | D:5      | You are sucked into a shaft and drop 2 floors!
  5737 | D:5      | Identified the +0 ring mail of Analysis {rC++ MP-9 Dex+10
                  | Stlth-}
  6220 | D:6      | Found a snail-covered altar of Cheibriados.
  6327 | D:6      | Found Koeng's Magic Scroll Boutique.
  6357 | D:6      | Reached skill level 3 in Hexes
  6357 | D:6      | Reached skill level 3 in Summonings
  6357 | D:6      | Reached skill level 3 in Necromancy
  6357 | D:6      | Reached skill level 3 in Translocations
  6357 | D:6      | Reached skill level 3 in Transmutations
  6357 | D:6      | Reached skill level 3 in Fire Magic
  6357 | D:6      | Reached skill level 3 in Ice Magic
  6357 | D:6      | Reached skill level 3 in Air Magic
  6357 | D:6      | Reached skill level 3 in Earth Magic
  6357 | D:6      | Reached skill level 3 in Poison Magic
  6357 | D:6      | Reached skill level 4 in Invocations
  6431 | D:6      | Reached skill level 6 in Dodging
  6683 | D:6      | Reached skill level 4 in Fighting
  6683 | D:6      | Reached skill level 4 in Short Blades
  6683 | D:6      | Reached skill level 4 in Long Blades
  6683 | D:6      | Reached skill level 4 in Axes
  6683 | D:6      | Reached skill level 4 in Maces & Flails
  6683 | D:6      | Reached skill level 4 in Polearms
  6683 | D:6      | Reached skill level 4 in Staves
  6683 | D:6      | Reached skill level 4 in Ranged Weapons
  6683 | D:6      | Reached skill level 4 in Throwing
  6683 | D:6      | Reached skill level 4 in Armour
  6683 | D:6      | Reached skill level 4 in Shields
  6683 | D:6      | Reached skill level 4 in Unarmed Combat
  6683 | D:6      | Reached skill level 4 in Evocations
  6683 | D:6      | Reached XP level 9. HP: 59/65 MP: 10/18
  7117 | D:7      | Identified the +3 mace of Exchange {drain, Str+3}
  7157 | D:7      | Reached skill level 6 in Stealth
  7157 | D:7      | Reached skill level 8 in Conjurations
  7733 | D:7      | Found a stormy altar of Qazlal.
  7733 | D:7      | Found a faded altar of an unknown god.
  7740 | D:7      | Found a radiant altar of Vehumet.
  7742 | D:7      | Found a faded altar of an unknown god.
  7744 | D:7      | Found an opulent altar of Gozag.
  7776 | D:7      | Found a staircase to the Ecumenical Temple.
  7784 | Temple   | Entered the Ecumenical Temple
  7840 | Temple   | Became a worshipper of Ashenzari the Shackled
  8567 | D:8      | Reached skill level 5 in Invocations
  8567 | D:8      | HP: 5/66 [yak (15)]
  8567 | D:8      | Mangled by a yak

Vanquished Creatures
  Grinder (D:3)
  Sigmund (D:3)
  2 yaks (D:8)
  2 water moccasins
  2 ice beasts
  A black bear (D:6)
  An orc warrior (D:7)
  An ogre (D:7)
  3 centaurs
  A phantom (D:6)
  4 bullfrogs
  A necrophage (D:5)
  A scorpion (D:5)
  2 hounds (D:5)
  2 jellies
  5 orc priests
  An iguana (D:6)
  7 orc wizards
  8 gnolls
  3 adders
  2 worms
  3 dart slugs
  15 orcs
  4 bats
  3 endoplasms
  3 giant cockroaches
  11 goblins
  6 hobgoblins
  6 jackals (D:1)
  7 kobolds
  5 quokkas
  5 ball pythons
  23 rats
142 creatures vanquished.

Vanquished Creatures (others)
  6 fulminant prisms
6 creatures vanquished.

Grand Total: 148 creatures vanquished
